 Dungeon Crawl Stone Soup version 0.20.0-15-g7f486f2 (webtiles) character file.

72 kestaa the Conjurer (level 4, 0/31 HPs)
             Began as a Human Conjurer on June 21, 2017.
             Slain by a goblin (3 damage)
             ... led by Robin
             ... on level 2 of the Dungeon.
             The game lasted 00:09:23 (1603 turns).

kestaa the Conjurer (Human Conjurer)                Turns: 1603, Time: 00:09:23

Health: 0/31       AC:  3    Str:  8    XL:     4   Next: 50%
Magic:  2/7        EV: 12    Int: 16    God:
Gold:   23         SH:  0    Dex: 14    Spells: 4/7 levels left

rFire    . . .     SeeInvis .   a - +2 short sword (freeze)
rCold    . . .     Gourm    .   (no shield)
rNeg     . . .     Faith    .   h - +0 leather armour
rPois    .         Spirit   .   (no helmet)
rElec    .         Reflect  .   (no cloak)
rCorr    .         Harm     .   (no gloves)
MR       .....                  (no boots)
Stlth    ++........             (no amulet)
Regen    0.1/turn               (no ring)
MPRegen  0.1/turn               (no ring)

@: no status effects
A: no striking features
a: no special abilities


You were on level 2 of the Dungeon.
You were not hungry.

You visited 1 branch of the dungeon, and saw 2 of its levels.

You collected 23 gold pieces.

Inventory:

Hand Weapons
 a - a +2 short sword of freezing (weapon)
 e - a +0 dagger
 p - a +1 vampiric dagger
Missiles
 j - 33 arrows
 o - 21 sling bullets
Armour
 d - a +0 leather armour
 h - a +0 leather armour (worn)
 m - a +0 robe
 n - a +0 large shield
 q - a +0 robe
Scrolls
 i - 3 scrolls of identify
 l - a scroll of enchant weapon {unknown}
Books
 b - a book of Conjurations

   Spells                             Type                      Level
   a - Magic Dart                     Conjuration                  1
   b - Searing Ray                    Conjuration                  2
   c - Dazzling Spray                 Conjuration/Hexes            3
   d - Fulminant Prism                Conjuration/Hexes            4
   e - Force Lance                    Conjuration/Translocation    4
   f - Iskenderun's Mystic Blast      Conjuration                  4
Comestibles
 c - 2 bread rations
 f - a royal jelly
 k - 2 fruits
 r - a chunk of flesh


   Skills:
 + Level 0.4 Fighting
 + Level 1.3 Short Blades
 + Level 1.6 Armour
 + Level 2.3 Dodging
 + Level 2.2 Stealth
 + Level 2.2 Spellcasting
 + Level 4.4 Conjurations


You had 4 spell levels left.
You knew the following spells:

 Your Spells              Type           Power        Failure   Level  Hunger
a - Magic Dart            Conj           ###.         4%          1    #......
b - Searing Ray           Conj           ###...       7%          2    ###....


Dungeon Overview and Level Annotations

Branches:
Dungeon (2/15)

Altars:

Annotations:
D:2 Robin


Message History

* * * LOW HITPOINT WARNING * * *
The goblin barely misses you.
You closely miss the goblin. The goblin hits you but does no damage.
The frilled lizard bites you.
* * * LOW HITPOINT WARNING * * *
The goblin hits you but does no damage. The goblin hits you.
* * * LOW HITPOINT WARNING * * *
You aren't carrying any potions.
As you read the scroll labeled SOETYS WASHIRPH, it crumbles to dust.
It is a scroll of recharging.
You aren't carrying any rechargeable items.
The goblin barely misses you. The frilled lizard bites you.
* * * LOW HITPOINT WARNING * * *
The goblin barely misses you. x2
You closely miss the goblin.
The goblin no longer looks unusually strong.
The goblin hits you with a dagger.
* * * LOW HITPOINT WARNING * * *
The frilled lizard misses you. The goblin hits you.
You die...

#.# ##...#
####.###...# ### .
#..<......###....
..##.###.#.#.#...#
.......#.#.#...#
#......)....###
#.###.)...#.# ..
#.......l######..
.##...#.##..g@ggK...#
$....#...##..g########
..#.....##...# .
..#.####.#... .....
#...## .. .. .#..#
#....# ...


You could see Robin, 3 goblins, a kobold and a frilled lizard.

Vanquished Creatures
  Jessica (D:2)
  An ooze (D:1)
  A leopard gecko (D:1)
  3 bats
  8 hobgoblins
  3 jackals (D:1)
  4 kobolds (D:1)
  2 ball pythons (D:1)
  3 frilled lizards
  9 goblins
  3 rats (D:1)
38 creatures vanquished.

Notes
Turn   | Place    | Note
-------+----------+-------------------------------------------
     0 | D:1      | kestaa the Human Conjurer began the quest for the Orb.
     0 | D:1      | Reached XP level 1. HP: 13/13 MP: 3/3
   415 | D:1      | Reached XP level 2. HP: 16/19 MP: 0/5
   486 | D:1      | Learned a level 2 spell: Searing Ray
   769 | D:1      | Reached XP level 3. HP: 20/24 MP: 2/6
  1542 | D:2      | Noticed Jessica
  1545 | D:2      | Killed Jessica
  1545 | D:2      | Reached skill level 1 in Short Blades
  1545 | D:2      | Reached skill level 1 in Armour
  1545 | D:2      | Reached XP level 4. HP: 22/30 MP: 3/7
  1586 | D:2      | Noticed Robin
  1603 | D:2      | Slain by a goblin

Skill      XL: |  1  2  3 |
---------------+----------+-----
Short Blades   | 1 |  1.3
Armour         | 1 |  1.6
Fighting       | |  0.4
Dodging        | |  2.3
Stealth        | |  2.2
Spellcasting   | |  2.2
Conjurations   | |  4.4

Action                   |  1- 3 |  4- 6 || total
-------------------------+-------+-------++-------
Melee: Dagger            |   119 |       ||   119
       Short sword       |       |    19 ||    19
 Cast: Magic Dart        |    29 |     4 ||    33
       Searing Ray       |       |     1 ||     1
  Use: Scroll            |     2 |     1 ||     3
  Eat: Chunk             |     2 |     1 ||     3
Armor: Chain mail        |    54 |       ||    54
       Leather armour    |     5 |    13 ||    18
       Robe              |     2 |       ||     2
Dodge: Dodged            |    38 |    24 ||    62
